 Dungeon Crawl Stone Soup version 0.19.1 (webtiles) character file.

56 Peloso the Skirmisher (level 3, 0/32 (33) HPs)
             Began as a Ghoul Fighter on Dec 16, 2016.
             Slain by an orc wizard
             ... wielding a +0 dagger
              (2 damage)
             ... on level 3 of the Dungeon.
             The game lasted 00:02:54 (1107 turns).

Peloso the Skirmisher (Ghoul Fighter)               Turns: 1107, Time: 00:02:55

HP:   0/32 (33)     AC:  6    Str: 25    XL:     3   Next: 97%
MP:   2/2           EV:  7    Int:  3    God:
Gold: 148           SH:  9    Dex:  8    Spells: 0 memorised, 2 levels left

rFire  . . .     SeeInvis .     a - +0 long sword
rCold  + . .     Gourm    .     b - +0 scale mail
rNeg   + + +     Faith    .     c - +0 shield
rPois  ∞         Spirit   .     (no helmet)
rElec  .         Reflect  .     (no cloak)
rCorr  .         Harm     .     (no gloves)
MR     .....                    (no boots)
Stlth  ..........               (no amulet)
                                (no ring)
                                i - ring of wizardry

@: mighty, rotting
A: rotting body, claws 1, carnivore 3, cold resistance 1, negative energy
resistance 3, slow regeneration 1, torment resistance, unbreathing
a: no special abilities


You were on level 3 of the Dungeon.
You were not hungry.

You visited 1 branch of the dungeon, and saw 3 of its levels.

You collected 148 gold pieces.

Inventory:

Hand Weapons
 a - a +0 long sword (weapon)
Armour
 b - a +0 scale mail (worn)
 c - a +0 shield (worn)
 n - a +0 cloak
Jewellery
 i - a ring of wizardry (left claw)
 t - an uncursed ring of positive energy {unknown}
Scrolls
 e - 2 scrolls of identify {unknown}
 j - a scroll of enchant armour {unknown}
 k - a scroll of teleportation {unknown}
 m - a scroll of enchant weapon {unknown}
 p - a scroll of amnesia {unknown}
 q - a scroll of magic mapping {unknown}
 u - a scroll of fog {unknown}
Potions
 d - a potion of might
 g - a potion of resistance {unknown}
 h - a potion of haste {unknown}
 l - a potion of curing {unknown}
 o - a potion of brilliance {unknown}
 r - a potion of heal wounds {unknown}
 s - a potion of cure mutation {unknown}
Comestibles
 f - 3 meat rations


   Skills:
 + Level 3.7 Fighting
 + Level 2.5 Long Blades
 + Level 3.1 Armour
 + Level 0.5 Dodging
 + Level 2.9 Shields


You had 2 spell levels left.
You didn't know any spells.

Dungeon Overview and Level Annotations

Branches:
Dungeon (3/15)

Altars:
The Shining One


Innate Abilities, Weirdness & Mutations

Your body is rotting away.
You thrive on raw meat.
You are immune to poison.
You have sharp fingernails.
You are carnivorous and can eat meat at any time.
Your flesh is cold resistant. (rC+)
You are immune to negative energy. (rN+++)
You regenerate slowly when monsters are visible.
You are immune to unholy pain and torment.
You can survive without breathing.


Message History

You hear some strange, mumbled words.
A magic dart appears from out of thin air!
The magic dart hits you!
You barely miss something. Something hits you but does no damage.
You closely miss something. Something hits you. x2
You closely miss something. Something hits you.
Your shield and scale mail prevent you from hitting something.
You hear some strange, mumbled words.
A puff of frost appears from out of thin air!
The puff of frost hits you! You resist.
* * * LOW HITPOINT WARNING * * *
Something hits you but does no damage.
Your scale mail prevents you from hitting something.
You hear some strange, mumbled words.
A magic dart appears from out of thin air!
The magic dart hits you!
* * * LOW HITPOINT WARNING * * *
You feel very mighty all of a sudden. Something hits you.
You die...

#######.#######.
#####.# $# #...#.# ##
#.# #.#...# #. ...
#...### #. #.# ##.##
#. #.# ######.## #.
#.# .........#
#.##.#####.#
#######..#
#.@{o......# #..#
####.####P### #..#
##.# #≈P≈. #..#
##..##.P≈≈≈≈ ##..#####
#<..{.o≈≈≈PP #.......#
##..##.≈≈♣♣♣
.#.#.#.#.####..# ≈≈♣
#..............)# P♣
###.###>#..........P≈♣


You could see an orc.

Vanquished Creatures
  2 adders
  2 dart slugs
  2 orcs (D:3)
  4 bats
  4 hobgoblins
  2 quokkas
  A ball python (D:1)
  6 frilled lizards
  5 kobolds
  8 rats
36 creatures vanquished.

Notes
Turn   | Place    | Note
-------+----------+-------------------------------------------
     0 | D:1      | Peloso the Ghoul Fighter began the quest for the Orb.
     0 | D:1      | Reached XP level 1. HP: 19/19 MP: 0/0
   109 | D:1      | Reached XP level 2. HP: 22/26 MP: 1/1
   654 | D:2      | Reached XP level 3. HP: 28/31 MP: 2/2
   838 | D:2      | Found a glowing golden altar of the Shining One.
  1107 | D:3      | Slain by an orc wizard

Skill      XL: |  1  2 |
---------------+-------+-----
Long Blades    | 2 |  2.5
Armour         | 3 |  3.1
Fighting       | |  3.7
Dodging        | |  0.5
Shields        | |  2.9

Action                   || total
-------------------------++-------
Melee: Long sword        ||    91
  Use: Potion            ||     1
  Eat: Chunk             ||     3
Armor: Scale mail        ||    43
Dodge: Dodged            ||    18
Block: Shield            ||    35
       Rpst.: Long sword ||     5
